 Dungeon Crawl Stone Soup version 0.17.1-1-g73c8601 (webtiles) character file.

1374 Genom09 the Ducker (level 8, -1/60 HPs)
             Began as a Merfolk Transmuter on Dec 11, 2015.
             Was an Initiate of Cheibriados.
             Killed from afar by an orc wizard (18 damage)
             ... with a wand of lightning
             ... on level 7 of the Dungeon.
             The game lasted 00:28:56 (6225 turns).

Genom09 the Ducker (Merfolk Transmuter)             Turns: 6225, Time: 00:29:05

Health: -1/60      AC:  7    Str: 13    XL:     8   Next: 66%
Magic:  7/12       EV: 16    Int: 14    God:    Cheibriados [......]
Gold:   294        SH:  0    Dex: 15    Spells: 4 memorised, 2 levels left

rFire  x . .     SeeInvis .       - Unarmed
rCold  + + .     Clarity  .     A - +2 robe {MR+}
rNeg   . . .     SustAt   .     (no shield)
rPois  .         Gourm    .     (no helmet)
rElec  .         Spirit   .     D - +0 cloak
rCorr  .         Warding  .     f - +0 pair of gloves
rMut   .         Stasis   .     B - +0 pair of boots
MR     +....                    (no amulet)
Stlth  +.........               I - ring of protection from cold
                                w - ring of ice

@: very slow, somewhat resistant to hostile enchantments, very unstealthy
A: change form in water, swift swim
a: Bend Time, Renounce Religion


You were on level 7 of the Dungeon.
You worshipped Cheibriados.
Cheibriados was noncommittal.
You were not hungry.

You visited 2 branches of the dungeon, and saw 8 of its levels.

You collected 294 gold pieces.

Inventory:

Hand Weapons
 G - the +2 long sword of Zeakutes {holy, MR++ MP+9}
   (You found it on level 5 of the Dungeon)

   It has been blessed by the Shining One to cause great damage to the undead
   and demons.
   It affects your resistance to hostile enchantments.
   It affects your magic capacity (+9).
Missiles
 a - 172 arrows
 E - 10 arrows of frost
Armour
 f - a +0 pair of gloves (worn)
 s - a +0 helmet
 v - a +2 robe of positive energy
 A - a +2 robe of magic resistance (worn)
 B - a +0 pair of boots (worn)
 D - a +0 cloak (worn)
 L - a +0 helmet
Jewellery
 w - a ring of ice (left hand)
 I - a ring of protection from cold (right hand)
Wands
 b - a wand of polymorph (0)
Scrolls
 e - 8 scrolls of identify {unknown}
 h - a scroll of magic mapping {unknown}
 j - 6 scrolls of remove curse {unknown}
 o - 2 scrolls of fog {unknown}
 p - 3 scrolls of immolation {unknown}
 y - 2 scrolls of teleportation {unknown}
 J - a scroll of blinking {unknown}
 K - a scroll of random uselessness {unknown}
Potions
 g - 3 potions of brilliance {unknown}
 i - 4 potions of curing
 k - a potion of might {unknown}
 n - 2 potions of invisibility {unknown}
 q - a potion of poison {unknown}
 t - a potion of resistance {unknown}
 u - a potion of berserk rage {unknown}
 z - a potion of degeneration {unknown}
 F - a potion of heal wounds {unknown}
 H - 2 potions of haste {unknown}
Books
 c - a book of Changes

   Spells                             Type                      Level
   a - Beastly Appendage              Transmutation                1
   b - Sticks to Snakes               Transmutation                2
   c - Spider Form                    Transmutation/Poison         3
   d - Ice Form                       Ice/Transmutation            4
   e - Blade Hands                    Transmutation                5
Comestibles
 d - 2 bread rations
 l - 2 slices of pizza
 m - 6 fruits
 r - a meat ration
 x - a beef jerky
 C - 2 chunks of flesh


   Skills:
 - Level 4.2 Fighting
 - Level 7.2 Dodging
 * Level 5.2 Unarmed Combat
 + Level 3.2 Spellcasting
 + Level 7.1 Transmutations
 * Level 4.2 Poison Magic


You had 2 spell levels left.
You knew the following spells:

 Your Spells              Type           Power        Failure   Level  Hunger
a - Beastly Appendage     Trmt           ###...       1%          1    #......
b - Sticks to Snakes      Trmt           ###.......   1%          2    ##.....
c - Spider Form           Trmt/Pois      ###.......   8%          3    ###....
d - Blade Hands           Trmt           ###.......   38%         5    ######.


Dungeon Overview and Level Annotations

Branches:
Dungeon (7/15)             Temple (1/1) D:4

Altars:
Cheibriados
Elyvilon
Fedhas
Gozag
Kikubaaqudgha
Makhleb
Nemelex Xobeh
Ru
Sif Muna
Trog
Vehumet
Xom
Yredelemnul
The Shining One


Message History

You hit the orc wizard but do no damage.
The orc wizard looks even sicker.
The orc wizard is lightly wounded.
The orc wizard closely misses you.
The orc wizard zaps a wand.
The bolt of lightning misses you.
You hit the orc wizard.
The orc wizard is moderately wounded.
The orc wizard casts a spell.
The orc wizard blinks!
You found a teleport trap!
The orc wizard zaps a wand.
The bolt of lightning misses you.
The orc wizard zaps a wand.
The bolt of lightning misses you.
Your transformation has ended.
Your +0 cloak unmelds from your body.
Your +0 pair of gloves unmelds from your body.
Your +0 pair of boots unmelds from your body.
Your +2 robe of magic resistance unmelds from your body.
You feel resistant to hostile enchantments.
The orc wizard zaps a wand.
The bolt of lightning hits you!
You die...

#............# #.#.#.#
#............# ###'#'###
#............# #........
#............# #........
##....####...# #........ ####
#....# #...# #........ ....?
#....####...###........ .....#
#/............#........
......###.....@.......#........
........)##+#.^.......#........
.........# #.....o...#########
###......# #......... #......#
#.....#### #......# #######
#......# ...##..## #... .#.#


You could see an orc wizard.

Vanquished Creatures
  Pikel (D:4)
  Sigmund (D:4)
  A phantom (D:7)
  A centaur (D:6)
  A giant frog (D:6)
  An orc priest (D:7)
  Crazy Yiuf (D:4)
  A giant frog zombie (D:7)
  An orc wizard (D:5)
  A worker ant (D:5)
  A hound skeleton (D:6)
  A gnoll (D:3)
  An adder (D:7)
  An adder zombie (D:6)
  A worm (D:6)
  An adder skeleton (D:6)
  6 giant geckos
  10 orcs
  3 giant cockroaches
  9 hobgoblins
  9 jackals
  3 quokkas
  2 ball pythons
  6 bats (D:1)
  A giant gecko skeleton (D:4)
  3 giant newts
  9 goblins
  3 kobolds
  A quokka zombie (D:5)
  7 rats
88 creatures vanquished.

Vanquished Creatures (collateral kills)
  Prince Ribbit (D:7)
  A necrophage (D:6)
  An orc wizard (D:5)
  Robin (D:3)
  3 gnolls (D:3)
  An adder (D:3)
  2 orcs (D:5)
10 creatures vanquished.

Vanquished Creatures (others)
  A wizard (D:6)
  A slave (D:4)
  A worker ant (D:4)
  An orc (D:7)
4 creatures vanquished.

Grand Total: 102 creatures vanquished

Notes
Turn   | Place    | Note
--------------------------------------------------------------
     0 | D:1      | Genom09 the Merfolk Transmuter began the quest for the Orb.
     0 | D:1      | Reached XP level 1. HP: 15/15 MP: 3/3
   127 | D:1      | Reached XP level 2. HP: 19/21 MP: 3/5
   329 | D:1      | Learned a level 2 spell: Sticks to Snakes
   681 | D:1      | Reached XP level 3. HP: 26/26 MP: 5/7
   964 | D:2      | Learned a level 3 spell: Spider Form
  1099 | D:2      | Found an ancient bone altar of Kikubaaqudgha.
  1765 | D:3      | Reached skill level 4 in Transmutations
  1767 | D:3      | Noticed Robin
  1785 | D:3      | Killed Robin
  2040 | D:3      | Reached XP level 4. HP: 7/32 MP: 6/8
  2537 | D:3      | Reached skill level 1 in Poison Magic
  2894 | D:3      | Reached skill level 5 in Transmutations
  3034 | D:4      | Noticed Sigmund
  3054 | D:4      | Found a burning altar of Makhleb.
  3186 | D:4      | Found a staircase to the Ecumenical Temple.
  3194 | Temple   | Entered the Ecumenical Temple
  3458 | D:4      | Killed Sigmund
  3458 | D:4      | Reached XP level 5. HP: 9/39 MP: 4/9
  3458 | D:4      | Reached XP level 6. HP: 10/46 MP: 4/10
  3767 | D:4      | Noticed Pikel
  3768 | D:4      | Noticed a slave
  3769 | D:4      | Noticed a slave
  3773 | D:4      | Noticed a slave
  3775 | D:4      | Noticed a slave
  3793 | D:4      | Killed Pikel
  3793 | D:4      | Reached skill level 5 in Dodging
  3793 | D:4      | Reached skill level 6 in Transmutations
  3793 | D:4      | Reached XP level 7. HP: 33/54 MP: 7/11
  3953 | D:4      | Noticed Crazy Yiuf
  3964 | D:4      | Killed Crazy Yiuf
  4145 | D:4      | Found a glowing golden altar of the Shining One.
  4176 | D:4      | Found a white marble altar of Elyvilon.
  4299 | D:4      | Killed a freed slave
  4380 | D:5      | Entered Level 5 of the Dungeon
  4547 | D:5      | Got an encrusted long sword
  4548 | D:5      | Identified the +2 long sword of Zeakutes {holy, MR++ MP+9} (You found it on level 5 of the Dungeon)
  4864 | D:5      | Found a sacrificial altar of Ru.
  5241 | D:6      | Reached XP level 8. HP: 43/60 MP: 12/12
  5631 | D:6      | Found a snail-covered altar of Cheibriados.
  5646 | D:6      | Became a worshipper of Cheibriados the Contemplative
  5849 | D:6      | Found a bloodstained altar of Trog.
  5850 | D:6      | Noticed a wizard
  5855 | D:6      | Killed a wizard
  5944 | D:6      | Learned a level 5 spell: Blade Hands
  6082 | D:7      | Noticed Prince Ribbit
  6095 | D:7      | Killed Prince Ribbit
  6095 | D:7      | Reached skill level 7 in Dodging
  6182 | D:7      | Reached skill level 5 in Unarmed Combat
  6225 | D:7      | Killed from afar by an orc wizard

Action                   |  1- 3 |  4- 6 |  7- 9 || total
-------------------------+-------+-------+-------++-------
Melee: Unarmed           |   143 |    88 |    88 ||   319
       Long sword        |       |       |    40 ||    40
 Cast: Beastly Appendage |    22 |     9 |    10 ||    41
       Sticks to Snakes  |     1 |     6 |     6 ||    13
       Spider Form       |       |     2 |    10 ||    12
  Use: Potion            |       |       |     1 ||     1
 Stab: Sleeping          |     2 |     1 |       ||     3
       Distracted        |     1 |       |       ||     1
       Invisible         |       |       |     3 ||     3
  Eat: Chunk             |     4 |     6 |    10 ||    20
